 Dungeon Crawl Stone Soup version 0.16-b1 (console) character file.

5800 siepu the Digger (level 11, -11/69 HPs)
             Began as a Halfling Earth Elementalist on Mar 14, 2015.
             Was a Believer of Ashenzari.
             Mangled by Grum
             ... wielding a +0 spear
              (13 damage)
             ... on level 10 of the Dungeon.
             The game lasted 00:38:30 (10413 turns).

siepu the Digger (Halfling Earth Elementalist)     Turns: 10413, Time: 00:38:30

Health: -11/69     AC: 11    Str: 14    XL:     11   Next: 6%
Magic:  24/25      EV: 15    Int: 17    God:    Ashenzari [**....]
Gold:   307        SH:  7    Dex: 16    Spells: 3 memorised, 17 levels left

rFire  . . .     SeeInvis .     b - +3 falchion (curse)
rCold  . . .     Clarity  .     H - +2 leather armour {MR+} (curse)
rNeg   . . .     SustAb   .     M - +0 buckler (curse)
rPois  +         Gourm    .     (no helmet)
rElec  .         Spirit   .     m - +0 cloak {aux}
rCorr  .         Warding  .     P - +0 pair of gloves (curse) {aux}
rMut   .         Stasis   .     p - +0 pair of boots (curse) {aux}
MR     +....                    t - amulet of regeneration (curse)
Stlth  ++........               j - ring of poison resistance (curse)
                                G - +6 ring of strength

@: stone skin, somewhat resistant to hostile enchantments, unstealthy
A: mutation resistance 1
a: Renounce Religion


You were on level 10 of the Dungeon.
You worshipped Ashenzari.
Ashenzari was pleased with you.
You were hungry.

You visited 2 branches of the dungeon, and saw 11 of its levels.

You collected 528 gold pieces.
You spent 221 gold pieces at shops.


Innate Abilities, Weirdness & Mutations

You are small and have problems with some larger weapons.
You are somewhat resistant to further mutation.


   Skills:
 - Level 4.0 Fighting
 - Level 5.0 Short Blades
 - Level 2.1(3.3) Dodging
 - Level 2.1(3.3) Stealth
 - Level 5.0(6.4) Shields
 + Level 6.9 Spellcasting
 - Level 4.0(5.3) Conjurations
 - Level 4.0(5.4) Transmutations
 + Level 7.9(9.4) Earth Magic


You had 17 spell levels left.
You knew the following spells:

 Your Spells              Type           Power        Failure   Level  Hunger
a - Sandblast             Erth           #####.       1%          1    None
b - Stoneskin             Trmt/Erth      ####....     1%          2    None
c - Stone Arrow           Conj/Erth      ####..       1%          3    ##.....

Inventory:

Hand weapons
 b - a cursed +3 falchion (weapon)
 T - a +1 rapier of venom
   (You took it off a hobgoblin on level 8 of the Dungeon)
 U - a +0 blowgun
Missiles
 a - 217 stones (quivered)
 R - 49 poisoned needles
 X - a throwing net {=f}
 Y - 3 curare-tipped needles {=g=f!f}
Armour
 c - a +1 leather armour of positive energy
   (You bought it in a shop on level 10 of the Dungeon)
 f - a +1 leather armour of fire resistance
   (You bought it in a shop on level 10 of the Dungeon)
 m - a +0 cloak (worn) {aux}
 p - a cursed +0 pair of boots (worn) {aux}
 H - a cursed +2 leather armour of magic resistance (worn)
   (You found it on level 5 of the Dungeon)
 M - a cursed +0 buckler (worn)
 P - a cursed +0 pair of gloves (worn) {aux}
Jewellery
 i - an uncursed amulet of resist mutation
   (You found it on level 10 of the Dungeon)
 j - a cursed ring of poison resistance (right hand)
   (You found it on level 10 of the Dungeon)
 t - a cursed amulet of regeneration (around neck)
   (You found it on level 2 of the Dungeon)
 u - an uncursed ring of stealth
   (You found it on level 10 of the Dungeon)
 D - an uncursed amulet of warding
   (You found it on level 4 of the Dungeon)
 G - a +6 ring of strength (left hand)
   (You found it on level 5 of the Dungeon)
Magical devices
 e - a wand of fire (9) {!v}
 y - a wand of disintegration (18) {!v}
 C - a wand of cold (6) {!v}
 N - a wand of draining (10) {!v}
 Q - a wand of invisibility (7) {!v}
 V - a wand of lightning (10) {!v}
Scrolls
 h - 4 scrolls of teleportation {!r}
 o - 2 scrolls of amnesia {!r, unknown}
 s - 2 scrolls of blinking {!r, unknown}
 z - 2 scrolls of remove curse {!r}
 A - a scroll of fear {!r, unknown}
 S - 3 scrolls of curse weapon {!r}
 W - 3 scrolls of curse jewellery {!r}
 Z - a scroll of brand weapon {!r, unknown}
Potions
 g - a potion of ambrosia {!q, unknown}
 k - a potion of degeneration {!q, unknown}
 n - 3 potions of curing {!q}
 q - 3 potions of magic {!q}
 r - a potion of resistance {!q, unknown}
 x - a potion of might {!q, unknown}
 I - a potion of haste {!q, unknown}
 J - a potion of restore abilities {!q, unknown}
 L - 4 potions of agility {!q}
 O - 3 potions of heal wounds {!q}
Books
 d - a book of Geomancy

   Spells                             Type                      Level
   a - Sandblast                      Earth                        1
   b - Stoneskin                      Transmutation/Earth          2
   c - Passwall                       Transmutation/Earth          3
   d - Stone Arrow                    Conjuration/Earth            3
   e - Petrify                        Transmutation/Earth          4
   f - Lee's Rapid Deconstruction     Earth                        5
 K - a book of Air

   Spells                             Type                      Level
   a - Shock                          Conjuration/Air              1
   b - Swiftness                      Charms/Air                   2
   c - Repel Missiles                 Charms/Air                   2
   d - Flight                         Charms/Air                   3
   e - Static Discharge               Conjuration/Air              3
   f - Lightning Bolt                 Conjuration/Air              5
Comestibles
 l - 4 bread rations {!e}
 v - 10 royal jellies {!e}
 w - 3 chunks of flesh {!e}
 B - 2 meat rations {!e}


Message History

The orc barely misses you.
You hit the orc.
The orc is heavily wounded.
The orc hits you.
You closely miss something. You closely miss something.
Something closely misses you.
You hit something but do no damage. Something barely misses you.
You barely miss something. You block its attack.
You hear some strange, mumbled words.
The magic dart hits you!
You miss something. Something hits you.
You miss something. Something hits you.
You miss something. Something hits you but does no damage.
Your leather armour prevents you from hitting something.
An orc wizard appears from thin air!
Reactivating autopickup.
The orc wizard closely misses you.
You hit the orc wizard.
The orc wizard is almost dead.
The orc wizard hits you with a dagger. x2
You miss the orc wizard.
The orc wizard is almost dead.
You block the orc wizard's attack.
You hit the orc wizard.
You kill the orc wizard!
You hit the orc but do no damage.
The orc is heavily wounded.
You block the orc's attack.
You hit the orc.
You kill the orc!
Items here: )) [[[ † You butcher the orc corpse.
w - 3 chunks of flesh {!e}
Items here: )) [[[ a +0 leather armour; a +0 dagger; a +0 robe; a +0 flail; a +0 plate armour There isn't anything to butcher here.
You start resting.
Magic restored.
HP restored.
You open the door.
There is an open door here.
You now have 307 gold pieces (gained 16). 2 wolves and Grum come into view.
Found a stone staircase leading down.
A wolf comes into view.
Grum growls angrily.
The wolf barks!
The wolf barks!
The wolf barks!
You hear a bark!
You closely miss the wolf.
You hear a bellow! x3
The wolf closely misses you. The wolf completely misses you.
The wolf closely misses you. The wolf bites you!
You hit the wolf.
The wolf is lightly wounded.
You block the wolf's attack. x2
You hit the wolf.
The wolf is lightly wounded.
The wolf bites you but does no damage. You block the wolf's attack.
You miss the wolf.
The wolf is lightly wounded.
The wolf misses you. The wolf bites you.
A wolf comes into view.
You barely miss the wolf.
The wolf is lightly wounded.
The wolf bites you but does no damage. You block the wolf's attack.
You hit the wolf.
The wolf is moderately wounded.
You are feeling hungry.
The wolf bites you. x2
You miss the wolf.
The wolf is moderately wounded.
The wolf bites you! You block the wolf's attack.
You hit the wolf but do no damage.
The wolf is moderately wounded.
The wolf bites you. The wolf bites you but does no damage.
You barely miss the wolf.
The wolf is moderately wounded.
Grum hits you but does no damage. The wolf barely misses you.
The wolf bites you!
You slash the wolf!
The wolf is severely wounded.
Grum misses you. The wolf misses you. Grum closely misses you.
The wolf misses you.
You slash the wolf!
You kill the wolf!
The wolf misses you. Grum hits you but does no damage.
Casting: Stone Arrow
Confirm with . or Enter, or press ? or * to list all spells.
Your skin hardens.
The wolf barely misses you. The wolf barely misses you.
Grum shouts, "Rex!
Good boy!"
Grum misses you.
You closely miss the wolf. The wolf barely misses you. The wolf bites you.
Grum barely misses you.
You closely miss the wolf. The wolf completely misses you.
You block the wolf's attack. Grum hits you from afar with a spear!!
* * * LOW HITPOINT WARNING * * *
You miss the wolf. The wolf closely misses you. The wolf bites you!
* * * LOW HITPOINT WARNING * * *
Grum hits you from afar with a spear!
You die...

#####################
..............[......
.########.....#######
#......#.....#
#.####.#.....#######
#.#....'.....+......
#{#@##.#.....#######
###.#h#h##.#.....#######
#..>..gh................
#######.##.#############
.....# #..... #.......
....... ######


You could see Grum and 2 wolves.

Vanquished Creatures
  A hill giant (D:10)
  Psyche (D:9)
  A komodo dragon (shapeshifter) (D:10)
  A wyvern (D:9)
  A wolf (D:10)
  A water moccasin (D:9)
  2 hungry ghosts (D:9)
  2 hippogriffs (D:8)
  A sky beast (D:7)
  2 black bears
  A phantom (D:10)
  5 orc warriors
  3 necrophages
  A crocodile (D:6)
  6 ogres
  A big kobold (D:7)
  3 giant frogs
  A wyvern skeleton (D:6)
  A water moccasin skeleton (D:5)
  3 scorpions
  4 wights
  5 killer bees (D:7)
  2 goliath beetles
  A giant frog zombie (D:6)
  A crimson imp (D:10)
  8 jellies
  2 orc priests (D:10)
  4 giant frog skeletons
  4 hounds
  2 iguanas
  5 orc wizards
  4 worker ants
  Ijyb (D:2)
  4 worker ant zombies
  10 adders
  4 gnolls (D:2)
  3 giant mites
  4 worms
  3 shadow imps
  An adder skeleton (D:4)
  An adder zombie (D:5)
  2 giant geckos
  6 oozes
  17 orcs
  8 giant cockroaches
  15 hobgoblins
  10 jackals
  A ball python (D:4)
  11 bats
  A giant gecko skeleton (D:4)
  5 giant newts
  15 goblins
  A hobgoblin zombie (D:5)
  A jackal zombie (D:3)
  21 kobolds
  A quokka (D:10)
  A quokka zombie (D:5)
  13 rats
  A butterfly (D:4)
241 creatures vanquished.

Notes
Turn   | Place    | Note
--------------------------------------------------------------
     0 | D:1      | siepu, the Halfling Earth Elementalist, began the quest for the Orb.
     0 | D:1      | Reached XP level 1. HP: 11/11 MP: 2/2
     0 | D:1      | You fall through a shaft!
     3 | D:2      | Reached XP level 2. HP: 17/17 MP: 0/3
   428 | D:1      | Reached XP level 3. HP: 9/21 MP: 3/6
  1361 | D:2      | Found a radiant altar of Vehumet.
  1408 | D:2      | Reached skill level 4 in Earth Magic
  1408 | D:2      | Reached XP level 4. HP: 27/27 MP: 5/8
  1422 | D:2      | Learned a level 2 spell: Stoneskin
  1426 | D:2      | Learned a level 3 spell: Stone Arrow
  1459 | D:2      | Noticed Ijyb
  1468 | D:2      | Killed Ijyb
  1739 | D:2      | Reached XP level 5. HP: 22/31 MP: 9/9
  1881 | D:2      | Reached skill level 3 in Spellcasting
  2491 | D:3      | Reached XP level 6. HP: 29/36 MP: 13/13
  2552 | D:3      | Reached skill level 5 in Earth Magic
  2842 | D:4      | Reached skill level 1 in Conjurations
  2953 | D:4      | Found a staircase to the Ecumenical Temple.
  2960 | Temple   | Entered the Ecumenical Temple
  3786 | D:5      | Entered Level 5 of the Dungeon
  3845 | D:5      | Reached XP level 7. HP: 12/41 MP: 5/14
  4026 | D:5      | Reached skill level 6 in Earth Magic
  4080 | D:5      | Found a stormy altar of Qazlal.
  4397 | D:5      | Found a shattered altar of Ashenzari.
  4397 | D:5      | Found a glowing golden altar of the Shining One.
  4408 | D:5      | Became a worshipper of Ashenzari the Shackled
  4733 | D:6      | HP: 6/41 [crocodile (9)]
  4734 | D:6      | Reached skill level 3 in Conjurations
  4841 | D:6      | Reached XP level 8. HP: 46/46 MP: 16/16
  4979 | D:6      | Reached skill level 7 in Earth Magic
  5093 | D:6      | Found an ancient bone altar of Kikubaaqudgha.
  5169 | D:6      | Found a white marble altar of Elyvilon.
  5346 | D:6      | Reached skill level 1 in Shields
  5348 | D:6      | Reached skill level 1 in Fighting
  5656 | D:7      | Reached skill level 3 in Shields
  5912 | D:7      | HP: 10/51 [killer bee (9)]
  5915 | D:7      | Reached skill level 3 in Fighting
  5917 | D:7      | Reached XP level 9. HP: 12/56 MP: 12/18
  6773 | D:8      | Reached skill level 1 in Transmutations
  7859 | D:9      | Noticed Psyche
  7863 | D:9      | Killed Psyche
  7863 | D:9      | Reached skill level 3 in Transmutations
  7863 | D:9      | Reached XP level 10. HP: 52/63 MP: 8/21
  8609 | D:9      | Found a blossoming altar of Fedhas.
  8801 | D:9      | Reached skill level 1 in Short Blades
  9070 | D:10     | Entered Level 10 of the Dungeon
  9070 | D:10     | Found a shadowy altar of Dithmenos.
  9201 | D:9      | Reached skill level 3 in Short Blades
  9293 | D:10     | Noticed a hill giant
  9467 | D:10     | Reached skill level 6 in Spellcasting
  9515 | D:10     | Found Cluah's Antique Armour Shop.
  9642 | D:10     | Killed a hill giant
  9661 | D:10     | Bought a dyed leather armour for 52 gold pieces
  9661 | D:10     | Bought a dyed leather armour for 52 gold pieces
  9661 | D:10     | Bought a cloak for 117 gold pieces
  9796 | D:10     | Found a staircase to the Orcish Mines.
  9883 | D:10     | Found a staircase to the Lair.
 10071 | D:10     | Reached XP level 11. HP: 69/69 MP: 23/25
 10161 | D:10     | Acquired Ashenzari's first power
 10395 | D:10     | Noticed Grum
 10412 | D:10     | HP: 11/69 [Grum/spear (19)]
 10413 | D:10     | HP: 2/69 [wolf[Grum] (10)]
 10413 | D:10     | Mangled by Grum

Vault maps used:
D:1:      dpeg_arrival_castle
D:2:      vehumet_crystals, uniq_iyjb
D:3:      minmay_surrounded
D:4:      minmay_temple_entry_butterflies, first_bread
D:5:      overflow_temple_1_default, gammafunk_temple_overflow_elements,
          corexii_hall_statues_i
D:6:      lemuel_doored_altar, kennysheep_mini, minivault_1
D:8:      serial_glass, glass_columns_c, glass_columns_a, item_on_display_a,
          item_on_display_a, hangedman_little_slice_of_home
D:9:      kennysheep_mini_moat, hangedman_abyss_or_decor_passed, uniq_psyche
D:10:     lair_0_dummy, orc_0_dummy, serial_shops, nicolae_shop_crystal,
          grunt_dithmenos_smoke, uniq_grum
Temple:   dpeg_five_rooms_temple_12

Action                   |  1- 3 |  4- 6 |  7- 9 | 10-12 || total
-------------------------+-------+-------+-------+-------++-------
Melee: Unarmed           |    45 |       |       |       ||    45
       Dagger            |    21 |       |       |       ||    21
       Hand axe          |    13 |    30 |       |       ||    43
       Spear             |       |   111 |   440 |    97 ||   648
       Trident           |       |       |     6 |       ||     6
       Falchion          |       |       |       |   133 ||   133
       Rapier            |       |       |       |    27 ||    27
 Cast: Sandblast         |    29 |    42 |    13 |     6 ||    90
       Stone Arrow       |       |     4 |    37 |    62 ||   103
       Stoneskin         |       |       |     5 |     3 ||     8
  Use: Scroll            |       |     2 |       |    16 ||    18
       Potion            |       |       |     1 |     2 ||     3
 Stab: Sleeping          |     3 |     6 |     5 |       ||    14
       Distracted        |       |       |     1 |       ||     1
  Eat: Chunk             |     2 |     9 |    18 |    10 ||    39
       Beef jerky        |       |       |     1 |     1 ||     2
       Meat ration       |       |       |     1 |       ||     1
       Pizza             |       |       |       |     2 ||     2
